 Dungeon Crawl Stone Soup version 0.23-a0-370-gf497b7c (webtiles) character file.

10140 nixmar the Transmogrifier (level 11, -11/148 HPs)
             Began as a Black Draconian Transmuter on Oct 24, 2018.
             Was the Champion of Ru.
             Mangled by Rupert
             ... wielding a +4 executioner's axe of chopping
              (19 damage)
             ... on level 2 of the Orcish Mines on Oct 25, 2018.
             The game lasted 00:44:21 (12759 turns).

nixmar the Transmogrifier (DrTm)                   Turns: 12759, Time: 00:44:22

Health: -11/148    AC: 25    Str: 14    XL:     11   Next: 32%
Magic:  14/14      EV:  2    Int: 13    God:    Ru [******]
Gold:   799        SH:  0    Dex: 14    Spells: 8/14 levels left

rFire    . . .     SeeInvis .     - Unarmed
rCold    x . .     Gourm    .   (no shield)
rNeg     + + +     Faith    .   (armour unavailable)
rPois    +         Spirit   .   (helmet currently unavailable)
rElec    .         Reflect  .   (cloak currently unavailable)
rCorr    .         Harm     .   (gloves currently unavailable)
MR       .....     NoTele   +   (boots currently unavailable)
Stlth    ..........             r - amulet of regeneration
HPRegen  0.74/turn              i - ring of positive energy
MPRegen  0.14/turn              f - ring of protection from fire

@: exhausted, tree-form, heavily drained
A: (breathe lightning), unfitting armour, subdued magic 1, no stealth, inability
to use devices, hated by all, temperature sensitive, AC +7
a: Draw Out Power, Power Leap, Apocalypse, Renounce Religion


You were on level 2 of the Orcish Mines.
You worshipped Ru.
Ru was exalted by your worship.
You were not hungry.
You were a tree.
You visited 2 branches of the dungeon, and saw 11 of its levels.

You collected 799 gold pieces.

Inventory:

Missiles
 d - 10 arrows
 k - 9 javelins (quivered) {@Q2}
 Z - 4 throwing nets {!d , @Q1}
Armour
 a - a +0 hat of see invisible (melded)
 m - a +0 pair of gloves (melded)
 n - a +0 pair of boots (melded)
Jewellery
 f - a ring of protection from fire (right branch)
 i - a ring of positive energy (left branch)
 r - an amulet of regeneration (around neck)
Scrolls
 c - 6 scrolls of remove curse {@r3}
 h - 2 scrolls of enchant weapon
 j - 5 scrolls of enchant armour
 l - a scroll of noise
 M - 4 scrolls of magic mapping
Potions
 b - 2 potions of curing {@q1}
 g - 2 potions of flight
 o - 3 potions of haste {@q3,}
 q - a potion of invisibility {unknown}
 u - a potion of cancellation
 v - a potion of lignification
Comestibles
 e - 8 rations
 p - 3 chunks of flesh


   Skills:
 * Level 10.0(8.6) Fighting
 + Level 7.6(6.3) Dodging
 + Level 8.6(7.3) Unarmed Combat
 - Level 2.0(0.9) Spellcasting
 + Level 10.7(9.3) Transmutations


You had 8 spell levels left.
You knew the following spells:

 Your Spells              Type           Power        Failure   Level  Hunger
a - Beastly Appendage     Tmut           ###...       1%          1    ##.....
b - Blade Hands           Tmut           ###.......   14%         5    ######.

Your spell library contained the following spells:

 Spells                   Type           Power        Failure   Level  Hunger
 Sticks to Snakes         Tmut           ###.....     1%          2    ###....
 Spider Form              Tmut/Pois      #.........   11%         3    ####...
 Infusion                 Chrm           #...         24%         1    ##.....
 Ice Form                 Ice/Tmut       #.......     34%         4    #####..
 Shroud of Golubria       Chrm/Tloc      #.........   36%         2    ###....
 Song of Slaying          Chrm           #.......     36%         2    ###....
 Regeneration             Chrm/Necr      #.........   61%         3    ####...
 Spectral Weapon          Hex/Chrm       #.......     61%         3    ####...
 Bolt of Magma            Conj/Fire/Erth #.........   100%        5    ######.
 Iskenderun's Battlesphe  Conj/Chrm      #.......     100%        5    ######.
 Venom Bolt               Conj/Pois      #.........   100%        5    ######.
 Iron Shot                Conj/Erth      #.........   100%        6    #######
 Orb of Destruction       Conj           #.........   100%        7    #######
 Spellforged Servitor     Conj/Summ      Unusable     N/A         7    N/A

Dungeon Overview and Level Annotations

Branches:
Dungeon (9/15)             Temple (0/1) D:7            Lair (0/6) D:8
    Orc (2/2) D:9
    Elf: Orc:2

Altars:
Ashenzari
Dithmenos
Elyvilon
Fedhas
Okawaru
Ru
Sif Muna

Shops:
D:9 (

Annotations:
Orc:2 Rupert


Innate Abilities, Weirdness & Mutations

((You can breathe wild blasts of lightning.))
((Your glossy black scales are hard. (AC +7)))
You cannot fit into any form of body armour.
((You are resistant to electric shocks. (rElec)))
((You are cold-blooded and may be slowed by cold attacks.))
You cannot be stealthy.
You cannot study or use magical devices.
You are hated by all.
You are sensitive to extremes of temperature. (rF-, rC-)
((Your flesh is heat resistant. (rF+)))
Your spells are a little easier to cast, but a little less powerful.


Message History

Your +0 pair of gloves melds into your body.
Your +0 pair of boots melds into your body.
You feel less perceptive.
Your roots penetrate the ground.
Rupert hits you but does no damage.
You smack Rupert!
Rupert is almost dead.
You smack Rupert!
Rupert is almost dead.
Rupert hits you with a +4 executioner's axe of chopping!!
* * * LOW HITPOINT WARNING * * *
x2 An orc wizard comes into view. It is wielding a +0 dagger.
You barely miss Rupert.
Rupert is almost dead.
You redirect something's attack!
Rupert hits you but does no damage.
An orc comes into view.
You smack Rupert!
Rupert is almost dead.
Rupert hits you with a +4 executioner's axe of chopping!!
You die...

..........#.....
......#...#.....
................
.............o..
.....$..........
..............o.
......@.........
......)♣[.......
#......[.......#
.#.............#
..............#.
...#............
................
..............##
#.##..........#
.. #..........#


You could see Rupert (berserk), an orc wizard and an orc.

Vanquished Creatures
  Gastronok (D:8)
  Harold (D:9)
  Psyche (D:9)
  Joseph (D:7)
  A troll (Orc:1)
  A hippogriff (D:8)
  A wyvern (D:7)
  4 hogs (D:7)
  A human (D:7)
  A hungry ghost (D:7)
  Edmund (D:6)
  2 wargs
  2 sky beasts (D:8)
  2 porcupines (D:8)
  10 orc warriors
  A black bear (D:7)
  An ice beast (D:8)
  3 phantoms
  3 ogres
  A centaur (D:5)
  A crocodile (D:8)
  3 gnoll sergeants
  A big kobold (D:8)
  4 bullfrogs
  A wyvern zombie (D:9)
  3 scorpions
  3 wights (D:9)
  3 howler monkeys (D:8)
  4 crimson imps
  3 jellies
  3 centaur zombies
  5 bullfrog zombies
  3 lava snakes (D:7)
  3 orc priests
  3 hounds
  A centaur skeleton (D:6)
  14 orc wizards
  A gnoll shaman (D:8)
  6 iguanas
  5 worker ants
  A hound zombie (D:4)
  3 worker ant zombies
  8 adders
  25 gnolls
  A howler monkey skeleton (D:4)
  2 oozes
  3 adder zombies (D:4)
  3 adder skeletons
  A dart slug (D:1)
  5 leopard geckos
  39 orcs
  7 bats
  A giant cockroach (D:5)
  12 goblins
  5 hobgoblins
  5 jackals
  8 kobolds
  4 quokkas
  5 ball pythons
  2 frilled lizards
  A giant cockroach zombie (D:4)
  2 jackal skeletons
  2 jackal zombies (D:4)
  2 leopard gecko skeletons (D:4)
  A quokka zombie (D:4)
  4 rats
261 creatures vanquished.

Vanquished Creatures (others)
  An orc knight (Orc:2)
  An orc wizard (D:4)
  An orc (D:9)
  A kobold (D:8)
  5 fungi (D:8)
9 creatures vanquished.

Grand Total: 270 creatures vanquished

Notes
Turn   | Place    | Note
-------+----------+-------------------------------------------
     0 | D:1      | nixmar the Draconian Transmuter began the quest for the
                  | Orb.
     0 | D:1      | Reached XP level 1. HP: 16/16 MP: 3/3
   399 | D:1      | Reached XP level 2. HP: 20/23 MP: 1/5
  1439 | D:2      | Reached XP level 3. HP: 28/29 MP: 4/6
  1626 | D:2      | Found a sacrificial altar of Ru.
  1711 | D:2      | Became a worshipper of Ru the Awakened
  2273 | D:3      | Reached XP level 4. HP: 29/37 MP: 4/7
  2461 | D:3      | Found a white marble altar of Elyvilon.
  2514 | D:3      | Reached XP level 5. HP: 19/45 MP: 8/8
  2767 | D:3      | Learned a level 5 spell: Blade Hands
  2769 | D:3      | Gained mutation: Your spells are a little easier to cast,
                  | but a little less powerful. [potion of mutation]
  2769 | D:3      | Gained mutation: Your flesh is heat resistant. (rF+)
                  | [potion of mutation]
  3278 | D:3      | Gained mutation: You cannot be stealthy. [Ru sacrifice]
  3359 | D:3      | Found an iron altar of Okawaru.
  3662 | D:3      | Found a blossoming altar of Fedhas.
  3959 | D:4      | Reached XP level 6. HP: 49/51 MP: 7/9
  4833 | D:4      | Your scales start taking on a glossy black colour.
  4833 | D:4      | Reached XP level 7. HP: 55/59 MP: 8/10
  4833 | D:4      | Gained mutation: You are resistant to electric shocks.
                  | (rElec) [Black Draconian growth]
  5014 | D:5      | Entered Level 5 of the Dungeon
  5028 | D:5      | Found a shattered altar of Ashenzari.
  5029 | D:5      | Found an iron altar of Okawaru.
  5182 | D:5      | Reached skill level 5 in Transmutations
  5444 | D:5      | Found a shadowy altar of Dithmenos.
  5713 | D:5      | Reached skill level 5 in Unarmed Combat
  5972 | D:6      | Reached skill level 5 in Fighting
  5972 | D:6      | Reached XP level 8. HP: 62/68 MP: 9/11
  6006 | D:6      | Gained mutation: You cannot study or use magical devices.
                  | [Ru sacrifice]
  6006 | D:6      | Reached * piety under Ru
  6006 | D:6      | Reached ** piety under Ru
  6006 | D:6      | Reached *** piety under Ru
  6741 | D:6      | Got an ichor-stained hand axe
  6742 | D:6      | Identified the cursed +2 hand axe of Jeofoduotz {chop,
                  | Dex+5} (You found it on level 6 of the Dungeon)
  7371 | D:6      | Noticed Edmund
  7377 | D:6      | Killed Edmund
  7632 | D:7      | Reached skill level 5 in Dodging
  7836 | D:7      | Reached XP level 9. HP: 75/75 MP: 1/12
  8142 | D:7      | Found a staircase to the Ecumenical Temple.
  8581 | D:7      | Found a deep blue altar of Sif Muna.
  8769 | D:7      | Gained mutation: You are sensitive to extremes of
                  | temperature. (rF-, rC-) [Ru sacrifice]
  8769 | D:7      | Reached **** piety under Ru
  8769 | D:7      | Reached ***** piety under Ru
  8931 | D:7      | Noticed Joseph
  8937 | D:7      | Killed Joseph
  9300 | D:8      | Noticed Gastronok
  9328 | D:8      | Killed Gastronok
  9328 | D:8      | Reached XP level 10. HP: 29/88 MP: 3/13
  9705 | D:8      | Reached skill level 10 in Transmutations
 10272 | D:8      | Found a staircase to the Lair.
 11146 | D:9      | Noticed Harold
 11152 | D:9      | Killed Harold
 11350 | D:9      | Found a staircase to the Orcish Mines.
 11352 | D:9      | Found Danur's Weapon Shoppe.
 11357 | D:9      | Reached XP level 11. HP: 89/97 MP: 8/14
 11377 | D:9      | Gained mutation: You are hated by all. [Ru sacrifice]
 11377 | D:9      | Reached ****** piety under Ru
 11462 | D:9      | Noticed Psyche
 11470 | D:9      | Killed Psyche
 12107 | Orc:1    | Entered Level 1 of the Orcish Mines
 12518 | Orc:2    | Entered Level 2 of the Orcish Mines
 12590 | Orc:2    | Noticed an orc knight
 12639 | Orc:2    | Killed an orc knight
 12639 | Orc:2    | Reached skill level 10 in Fighting
 12743 | Orc:2    | Noticed Rupert
 12750 | Orc:2    | Paralysed by Rupert for 4 turns
 12757 | Orc:2    | HP: 7/148 [Rupert/+4 executioner's axe of chopping (10)]
 12759 | Orc:2    | Mangled by Rupert

Vault maps used:
D:1:      minmay_arrival_stone_box, minivault_25
D:2:      wad_pebble_path, serial_glass, glass_columns_c, glass_columns_a,
          nicolae_ru_sacrificial_ziggurat
D:3:      elyvilon_altar_1, fedhas_altar_4, okawaru_altar_gauntlet_db
D:4:      serial_undead, serial_undead_d, serial_undead_a, serial_undead_d,
          serial_undead_b, serial_undead_f, serial_undead_b, serial_undead_c,
          serial_undead_b
D:5:      chequers_temple_overflow_statue_of_worship,
          grunt_dithmenos_smoke_and_mirrors, first_ration
D:6:      kennysheep_six_static_rooms, uniq_edmund
D:7:      lemuel_blue_sif_altar, minmay_temple_entry_fiery, grunt_livestock,
          minmay_misc_feat_room, kennysheep_boxes, uniq_joseph
D:8:      grunt_lair_entry_orc_guard_hut, uniq_gastronok
D:9:      orc_david_3, uniq_psyche, uniq_harold
Orc:2:    grunt_orc_cross, uniq_rupert

Skill      XL: |  1  2  3  4  5  6  7  8  9 10 11 |
---------------+----------------------------------+-----
Dodging        | 2 3 4 5 6 7 |  7.6
Fighting       | 2 3 4 5 6 7 9 10 | 10.0
Transmutations | 3 4 5 7 9 10 | 10.7
Unarmed Combat | 4 5 7 8 |  8.6
Spellcasting   | |  2.0

Action                   |  1- 3 |  4- 6 |  7- 9 | 10-12 || total
-------------------------+-------+-------+-------+-------++-------
Melee: Whip              |    27 |       |       |       ||    27
       Unarmed           |    95 |   246 |   332 |   181 ||   854
       Headbutt          |     6 |    28 |    17 |       ||    51
       Kick              |     5 |    22 |    23 |       ||    50
       Tailslap          |     3 |    38 |    40 |    13 ||    94
       Punch             |       |     1 |     7 |     6 ||    14
Throw: Javelin           |     4 |    16 |     4 |     3 ||    27
 Cast: Beastly Appendage |    27 |    31 |    26 |       ||    84
       Blade Hands       |       |     1 |    24 |    29 ||    54
Invok: Sacrifice Stealth |       |     1 |       |       ||     1
       Sacrifice Artific |       |       |     1 |       ||     1
       Power Leap        |       |       |     2 |     2 ||     4
       Apocalypse        |       |       |     1 |     2 ||     3
       Sacrifice Resista |       |       |     1 |       ||     1
       Draw Out Power    |       |       |       |     1 ||     1
       Sacrifice Love    |       |       |       |     1 ||     1
 Abil: Breathe Lightning |       |       |     5 |     2 ||     7
  Use: Scroll            |     5 |     6 |     5 |     3 ||    19
       Potion            |       |     4 |     2 |     3 ||     9
 Stab: Distracted        |       |       |     1 |       ||     1
       Paralysed         |       |       |     1 |     3 ||     4
       Invisible         |       |       |       |     3 ||     3
  Eat: Ration            |     2 |     2 |     4 |     3 ||    11
       Chunk             |     1 |     2 |    14 |    13 ||    30
Armor: Skin              |    37 |    67 |    63 |    37 ||   204
Dodge: Dodged            |    82 |   152 |   188 |   133 ||   555
Block: Shield            |     2 |       |       |       ||     2
       Buckler           |    11 |    17 |       |       ||    28

Table legend:
 A = Non-vault XP
 B = Vault XP
 C = Vault XP percentage of total XP
 D = Non-vault monster count
 E = Vault monster count
 F = Vault count percentage of total count
                 A         B        C        D         E       F
            +---------+---------+-------+---------+---------+-------
      Total |    7647 |    6839 |  47.2 |     212 |      52 |  19.7
            +---------+---------+-------+---------+---------+-------
        D:1 |      25 |       0 |   0.0 |      11 |       0 |   0.0
        D:2 |      62 |       0 |   0.0 |      21 |       0 |   0.0
        D:3 |     230 |      24 |   9.4 |      25 |       6 |  19.4
        D:4 |     250 |     327 |  56.7 |      10 |      20 |  66.7
        D:5 |     496 |       0 |   0.0 |      11 |       0 |   0.0
        D:6 |     602 |     431 |  41.7 |      24 |       7 |  22.6
        D:7 |    1117 |    1372 |  55.1 |      21 |       6 |  22.2
        D:8 |    1446 |    3098 |  68.2 |      33 |       6 |  15.4
        D:9 |     695 |    1587 |  69.5 |      18 |       7 |  28.0
      Orc:1 |    1782 |       0 |   0.0 |      31 |       0 |   0.0
      Orc:2 |     942 |       0 |   0.0 |       7 |       0 |   0.0
            +---------+---------+-------+---------+---------+-------
